 Dungeon Crawl Stone Soup version 0.28.0-47-ge53b351184 (webtiles) character file.

Game seed: 2222391575779544380

6576 101zpm the Thaumaturge (level 11, -20/54 (58) HPs)
             Began as a Djinni Fire Elementalist on May 8, 2022.
             Was a Priest of Hepliaklqana.
             Killed from afar by Josephine (37 damage)
             ... with a ghostly fireball
             ... on level 10 of the Dungeon.
             The game lasted 00:28:44 (10950 turns).

101zpm the Thaumaturge (Djinni Fire Elementalist)  Turns: 10950, Time: 00:28:46

HP:   -20/54 (58)   AC:  7    Str:  7    XL:     11   Next: 21%
Gold: 521           EV: 12    Int: 25    God:    Hepliaklqana [***...] SH:  0 Dex: 15

rFire   + + .      SeeInvis .   g - +1 scythe (venom)
rCold   x . .      Faith    .   (shield currently unavailable)
rNeg    . . .      Spirit   .   e - +3 leather armour
rPois   ∞          Reflect  .   y - +0 helmet of the Orb {Int+5}
rElec   .          Harm     .   (no cloak)
rCorr   .          Rampage  .   (no gloves)
Will    +....                   (boots unavailable)
Stlth   ++........              x - amulet of regeneration
HPRegen 0.98/turn               (no ring)
MPRegen 0.00/turn               (no ring)

@: flying, studying Unarmed Combat, drained
A: reduced essence, sickness immunity, fire resistance 2, cold vulnerability 1,
float, innate caster, HP casting, extra vitality 1
a: Renounce Religion, Recall Ancestor, Ancestor Identity, Transference


You were on level 10 of the Dungeon.
You worshipped Hepliaklqana.
Hepliaklqana was most pleased with you.
You visited 2 branches of the dungeon, and saw 11 of its levels.

You collected 521 gold pieces.

Inventory:

Hand Weapons
 g - a +1 scythe of venom (weapon)
Armour
 a - a +0 robe
 e - a +3 leather armour (worn)
 y - the +0 helmet of the Orb (worn) {Int+5}
   (You found it on level 8 of the Dungeon)

   Int:       It affects your intelligence (+5).
Jewellery
 u - an amulet of faith
 x - an amulet of regeneration (around neck)
 B - a ring of ice
Wands
 c - a wand of digging (2)
 m - a wand of polymorph (8)
 t - a wand of paralysis (12)
Scrolls
 b - a scroll of vulnerability {unknown}
 d - 5 scrolls of identify {unknown}
 i - 6 scrolls of teleportation
 j - a scroll of noise {unknown}
 l - 4 scrolls of amnesia {unknown}
 o - 2 scrolls of enchant weapon {unknown}
 s - a scroll of blinking {unknown}
 A - a scroll of fear {unknown}
Potions
 f - 4 potions of curing {unknown}
 h - a potion of mutation {unknown}
 k - 2 potions of ambrosia {unknown}
 n - a potion of cancellation {unknown}
 p - a potion of brilliance {unknown}
 q - a potion of might {unknown}
 r - 2 potions of heal wounds {unknown}
 v - a potion of berserk rage {unknown}
 w - a potion of flight {unknown}
 z - 2 potions of lignification {unknown}
 C - a potion of degeneration {unknown}


   Skills:
 + Level 0.3 Fighting
 + Level 4.2 Armour
 + Level 3.2 Dodging
 + Level 3.1 Stealth
 + Level 12.0 Spellcasting


You had 7 spell levels left.
You knew the following spells:

 Your Spells              Type           Power      Damage    Failure   Level
a - Foxfire               Conj/Fire      100%       2x1d9     1%          1
b - Scorch                Fire           100%       2d10      1%          2
c - Conjure Flame         Conj/Fire      66%        6-21      1%          3
d - Inner Flame           Hex/Fire       66%        N/A       1%          3
e - Flame Wave            Conj/Fire      66%        2d12      1%          4
f - Apportation           Tloc           100%       N/A       1%          1
g - Blink                 Tloc           100%       N/A       1%          2
h - Corpse Rot            Necr/Air       100%       N/A       1%          2
i - Anguish               Hex/Necr       33%        N/A       1%          4
j - Irradiate             Conj/Tmut      33%        3d25      1%          5
Your spell library was empty.

Dungeon Overview and Level Annotations

Branches:
Dungeon (10/15)            Temple (1/1) D:4
   Lair: D:8-11         Orc: D:9-12

Altars:
Ashenzari
Cheibriados
Dithmenos
Elyvilon
Fedhas
Gozag
Hepliaklqana
Kikubaaqudgha
Makhleb
Nemelex Xobeh
Okawaru
Qazlal
Ru
Sif Muna
Trog
Uskayaw
Vehumet
Wu Jian
Xom
Yredelemnul
Zin
The Shining One

Shops:
D:4 [

Annotations:
D:10 Josephine


Innate Abilities, Weirdness & Mutations

Your life essence is reduced to manifest your ancestor. (-10% HP)
You are immune to sickness and miasma.
You are immune to poison.
Your flesh is very heat resistant. (rF++)
You are vulnerable to cold. (rC-)
You float through the air rather than walking.
You learn spells naturally, not from books.
Your magical power is your life essence.
You have superior vitality. (+4 MHP)


Message History

Confirm with . or Enter, or press ? or * to list all spells.
Flames lash Josephine.
Josephine resists.
Flame seeps out of Josephine.
Josephine is heavily wounded.
Josephine is engulfed in blazing flames.
Flame seeps out of Josephine.
Josephine barely misses Agathocles.
Agathocles closely misses Josephine.
Casting: Scorch (safe; 1% risk of failure)
Confirm with . or Enter, or press ? or * to list all spells.
Flames lash the wraith but do no damage.
Josephine is engulfed in blazing flames.
Flame seeps out of Josephine.
Josephine closely misses Agathocles.
Agathocles hits Josephine with a +0 dagger of draining!
Flame seeps out of Josephine.
Casting: Scorch (safe; 1% risk of failure)
Confirm with . or Enter, or press ? or * to list all spells.
Flames lash the wraith.
Flame seeps out of the wraith.
The wraith is moderately damaged.
The wraith's fire resistance burns away.
* * * LOW HITPOINT WARNING * * *
Josephine is engulfed in blazing flames.
Flame seeps out of Josephine.
Josephine hits Agathocles with a +0 dagger of venom!
Agathocles closely misses Josephine.
The wraith is engulfed in blazing flames.
Flame seeps out of the wraith.
Your magical contamination has completely faded away.
Casting: Scorch (safe; 1% risk of failure)
Confirm with . or Enter, or press ? or * to list all spells.
Flames lash Josephine.
Josephine resists.
Flame seeps out of Josephine.
Josephine is almost dead.
* * * LOW HITPOINT WARNING * * *
Josephine is engulfed in blazing flames.
Flame seeps out of Josephine.
Josephine casts a spell at you.
The ghostly flame explodes!
The ghostly fireball engulfs Agathocles.
Agathocles completely resists.
The ghostly fireball engulfs you!!!
You feel drained.
Ouch! That really hurt!
You die...

.# .#
.# W##
○W @#
#####R#
##
#...@.#
.#
#.#####
.# #.#
.# #.#
.# #.#
.## #.#
..# #.#
#.# #.#
#.# #.#


You could see the friendly Agathocles the hexer, Josephine (inner flame,
resistant, combustible, ally target) and 2 wraiths.

Vanquished Creatures
  Snorg (D:10)
  2 kobold demonologists (D:5)
  Grinder (D:6)
  Sigmund (D:3)
  A wyvern (D:9)
  5 yaks (D:10)
  A wraith (D:10)
  3 steam dragons
  An acid dragon (D:9)
  3 water moccasins
  2 ice beasts
  An orc warrior (D:6)
  A black bear (D:6)
  An ogre (D:6)
  A centaur (D:9)
  Blork the orc (D:4)
  4 kobold brigands
  2 bullfrogs
  A scorpion (D:5)
  A gnoll sergeant (D:9)
  A water moccasin skeleton (D:5)
  8 killer bees (D:9)
  6 wights
  5 centaur zombies
  2 bullfrog zombies (D:6)
  A centaur skeleton (D:7)
  An orc priest (D:9)
  2 bullfrog skeletons
  2 hounds (D:5)
  A gnoll shaman (D:6)
  4 iguanas
  Natasha (thrice) (D:2)
  A scorpion zombie (D:5)
  2 orc wizards (D:4)
  A hound zombie (D:5)
  2 howler monkey zombies
  8 gnolls
  5 adders
  A river rat (D:4)
  2 white imps
  An ufetubus (D:6)
  10 worms
  3 dart slugs
  11 orcs
  2 endoplasms (D:1)
  4 giant cockroaches
  4 goblins
  4 hobgoblins
  A jackal (D:1)
  5 ball pythons
  5 bats
  A frilled lizard (D:2)
  18 kobolds
  3 rats
164 creatures vanquished.

Vanquished Creatures (collateral kills)
  A wyvern (D:9)
  An orc warrior (D:9)
  A sky beast (D:5)
  A jelly (D:5)
  A hound zombie (D:5)
  A howler monkey zombie (D:6)
  3 kobolds
9 creatures vanquished.

Vanquished Creatures (others)
  A yak (D:10)
  A hexer (D:10)
  845 foxfires
847 creatures vanquished.

Grand Total: 1020 creatures vanquished

Notes
Turn   | Place    | Note
-------+----------+-------------------------------------------
     0 | D:1      | 101zpm the Djinni Fire Elementalist began the quest for the
                  | Orb.
     0 | D:1      | Reached XP level 1. HP: 15/15 MP: 0/0
   246 | D:1      | Reached XP level 2. HP: 15/21 MP: 0/0
   597 | D:2      | Reached skill level 3 in Spellcasting
   597 | D:2      | Reached XP level 3. HP: 19/25 MP: 0/0
   597 | D:2      | Learned a level 1 spell: Apportation
   714 | D:2      | Noticed Natasha
   721 | D:2      | Killed Natasha
   740 | D:2      | Noticed Natasha
   745 | D:2      | Killed Natasha
   746 | D:2      | Reached XP level 4. HP: 16/31 MP: 0/0
   811 | D:2      | Noticed Natasha
   815 | D:2      | Killed Natasha
   963 | D:2      | Reached XP level 5. HP: 30/35 MP: 0/0
   963 | D:2      | Learned a level 2 spell: Blink
  1422 | D:2      | Reached skill level 4 in Spellcasting
  1934 | D:3      | Noticed Sigmund
  1938 | D:3      | Killed Sigmund
  1939 | D:3      | Reached skill level 5 in Spellcasting
  1939 | D:3      | Reached XP level 6. HP: 34/40 MP: 0/0
  3752 | D:4      | Reached XP level 7. HP: 18/45 MP: 0/0
  3752 | D:4      | Learned a level 2 spell: Corpse Rot
  3771 | D:4      | Noticed Blork the orc
  4093 | D:4      | Found a blossoming altar of Fedhas.
  4427 | D:4      | Found a staircase to the Ecumenical Temple.
  4436 | Temple   | Entered the Ecumenical Temple
  4555 | Temple   | Became a worshipper of Hepliaklqana the Forgotten
  4614 | D:5      | Entered Level 5 of the Dungeon
  4866 | D:4      | Found Fosmilil's Armour Shop.
  4902 | D:4      | Found a sparkling altar of Nemelex Xobeh.
  4931 | D:4      | Killed Blork the orc
  5387 | D:4      | Reached * piety under Hepliaklqana
  5690 | D:5      | Reached skill level 6 in Spellcasting
  5729 | D:5      | Reached skill level 1 in Armour
  5947 | D:5      | Noticed a kobold demonologist
  5947 | D:5      | Noticed a kobold demonologist
  5953 | D:5      | Noticed a hellwing
  5954 | D:5      | Killed a kobold demonologist
  5954 | D:5      | Killed a kobold demonologist
  5955 | D:5      | Reached skill level 7 in Spellcasting
  5955 | D:5      | Reached XP level 8. HP: 32/45 MP: 0/0
  5966 | D:5      | Reached XP level 9. HP: 23/49 MP: 0/0
  5966 | D:5      | Learned a level 4 spell: Anguish
  6528 | D:5      | Reached skill level 8 in Spellcasting
  7314 | D:6      | Noticed Grinder
  7320 | D:6      | Killed Grinder
  7904 | D:6      | Reached ** piety under Hepliaklqana
  8116 | D:6      | Reached skill level 9 in Spellcasting
  8672 | D:6      | Reached XP level 10. HP: 40/54 MP: 0/0
  9305 | D:7      | Found a snail-covered altar of Cheibriados.
  9510 | D:7      | Found a glowing golden altar of the Shining One.
  9582 | D:7      | Reached *** piety under Hepliaklqana
  9707 | D:8      | Identified the +0 helmet of the Orb {Int+5}
  9748 | D:8      | Reached skill level 10 in Spellcasting
  9770 | D:8      | Remembered your ancestor Agathocles as a hexer
  9970 | D:8      | Found a white marble altar of Elyvilon.
  9985 | D:8      | You are sucked into a shaft and drop 1 floor!
 10238 | D:9      | Found an ornate altar of the Wu Jian Council.
 10583 | D:9      | Reached skill level 11 in Spellcasting
 10730 | D:10     | Entered Level 10 of the Dungeon
 10733 | D:10     | Noticed Snorg
 10738 | D:10     | Killed Snorg
 10739 | D:10     | Reached XP level 11. HP: 53/58 MP: 0/0
 10739 | D:10     | Learned a level 5 spell: Irradiate
 10906 | D:10     | Reached skill level 12 in Spellcasting
 10935 | D:10     | Noticed Josephine
 10950 | D:10     | Killed from afar by Josephine

Illustrated notes

Levels and vault maps discovered:
D:1:      onia_arrival_pyramid, layout_basic, corexii_item_surrounded_by_moat,
          lemuel_another_geyser
D:2:      cheibrodos_old_hovel, layout_rooms, uniq_natasha
D:3:      layout_loops_corners, chequers_garden, nicolae_wormholes, uniq_sigmund
D:4:      layout_cave_pods, kennysheep_mini, fedhas_altar_1,
          mainiacjoe_overflow_surrounded_room, lemuel_temple_firewalk_a,
          cheibrodos_sewer_entry_sluice, serial_shops,
          nicolae_shop_window_shopping, uniq_blork_the_orc
D:5:      layout_basic, minmay_bent
D:6:      layout_rooms, minmay_manual_mail, uniq_grinder
D:7:      layout_cave_pools, tso_metal_star, cheibriados_altar_1
D:8:      layout_rooms, mainiacjoe_overflow_paths
D:9:      layout_basic, mainiacjoe_overflow_brackets
D:10:     layout_loops_ring, minmay_mirror_moons_of_madness, uniq_josephine,
          uniq_snorg
Temple:   regret_index_temple_waves

Skill      XL: |  1  2  3  4  5  6  7  8  9 10 11 |
---------------+----------------------------------+-----
Spellcasting   | 3 5 7 9 11 12 | 12.0
Stealth        | 2 3 |  3.1
Armour         | 2 4 |  4.2
Dodging        | 3 |  3.2
Fighting       | |  0.3

Action                   |  1- 3 |  4- 6 |  7- 9 | 10-12 || total
-------------------------+-------+-------+-------+-------++-------
 Cast: Foxfire           |    44 |   152 |   192 |   178 ||   566
       Scorch            |     2 |    11 |    31 |    27 ||    71
       Inner Flame       |       |    19 |    53 |    60 ||   132
       Blink             |       |     2 |     3 |     7 ||    12
       Corpse Rot        |       |       |     1 |       ||     1
       Anguish           |       |       |     1 |     3 ||     4
       Apportation       |       |       |       |     2 ||     2
       Conjure Flame     |       |       |       |     3 ||     3
       Irradiate         |       |       |       |     1 ||     1
Invok: Recall Ancestor   |       |       |       |     2 ||     2
       Ancestor Life: He |       |       |       |     1 ||     1
  Use: Scroll            |       |       |       |     1 ||     1
Armor: Leather armour    |       |       |     5 |    11 ||    16
Dodge: Dodged            |     1 |     1 |     3 |    12 ||    17
